TOP OF THE 1ST |
Virginia Beach Deuces batting - Pitching for Battle Ground Aeros : LHP Mike Foltynewicz
|
Pitching: LHP Mike Foltynewicz
|
|
Batting: RHB Rafael Hernández
|
0-0: Ball 1-0: Ball 2-0: Called Strike 2-1: TRIPLE (Flyball, 8RM)
|
Batting: RHB Armando García
|
0-0: Ball 1-0: Ground out 1-3 (Groundball, 25)
|
Batting: RHB Lorenzo Ramírez
|
0-0: Called Strike 0-1: Ground out 1-3 (Groundball, 13)
|
Batting: RHB Luis Jelarde
|
0-0: Ball 1-0: Called Strike 1-1: Ball 2-1: Fly out, F9 (Flyball, 9M)
|
Top of the 1st over - 0 run(s), 1 hit(s), 0 error(s), 1 left on base; Virginia Beach 0 - Battle Ground 0 |
BOTTOM OF THE 1ST |
Battle Ground Aeros batting - Pitching for Virginia Beach Deuces : RHP Carlos Garza
|
Pitching: RHP Carlos Garza
|
|
Batting: RHB Juan Camacho
|
0-0: Ball 1-0: Ball 2-0: Ball 3-0: Called Strike 3-1: Fly out, F8 (Flyball, 8LM)
|
Batting: SHB Juan Torres
|
0-0: Ball 1-0: Foul Ball, location: 2F 1-1: Called Strike 1-2: Strikes out swinging
|
Batting: RHB Byron Isaacson
|
0-0: Ball 1-0: Fly out, F4 (Popup, 34)
|
Bottom of the 1st over - 0 run(s), 0 hit(s), 0 error(s), 0 left on base; Virginia Beach 0 - Battle Ground 0 |
TOP OF THE 2ND |
Virginia Beach Deuces batting - Pitching for Battle Ground Aeros : LHP Mike Foltynewicz
|
Batting: SHB Carlos Pérez
|
0-0: Foul Ball, location: 2F 0-1: Ball 1-1: Swinging Strike 1-2: Foul Ball, location: 2F 1-2: SINGLE (Line Drive, 8LS)
|
Batting: RHB José Ramírez
|
0-0: Called Strike 0-1: Foul Ball, location: 2F 0-2: Grounds into double play, U6-3 (Groundball, 6M)
|
Batting: RHB Robert Emmet Odlum
|
0-0: Called Strike 0-1: Ball 1-1: Ball 2-1: Ground out 1-3 (Groundball, 13S)
|
Top of the 2nd over - 0 run(s), 1 hit(s), 0 error(s), 0 left on base; Virginia Beach 0 - Battle Ground 0 |
BOTTOM OF THE 2ND |
Battle Ground Aeros batting - Pitching for Virginia Beach Deuces : RHP Carlos Garza
|
Batting: LHB Javier Antonio
|
0-0: Ball 1-0: Ball 2-0: Called Strike 2-1: Foul Ball, location: 2F 2-2: Fly out, F9 (Flyball, 89D)
|
Batting: RHB Abdul-Fattah bin Najjar
|
0-0: Ground out 6-3 (Groundball, 6)
|
Batting: RHB Andrés Sánchez
|
0-0: Ball 1-0: Swinging Strike 1-1: Foul Ball, location: 2F 1-2: Ball 2-2: SINGLE (Line Drive, 9S)
|
Batting: RHB Jack Willis
|
0-0: Ball 1-0: Called Strike 1-1: Ball Andrés Sánchez is caught stealing 2nd base
|
Bottom of the 2nd over - 0 run(s), 1 hit(s), 0 error(s), 0 left on base; Virginia Beach 0 - Battle Ground 0 |
TOP OF THE 3RD |
Virginia Beach Deuces batting - Pitching for Battle Ground Aeros : LHP Mike Foltynewicz
|
Batting: LHB Curt Wilson
|
0-0: Ground out 4-3 (Groundball, 4)
|
Batting: SHB Luis Manuel Flores
|
0-0: Foul Ball, location: 2F 0-1: Ground out 4-3 (Groundball, 4)
|
Batting: RHB Rafael Hernández
|
0-0: Ball 1-0: Foul Ball, location: 2F 1-1: Fly out, F8 (Popup, 89S)
|
Top of the 3rd over - 0 run(s), 0 hit(s), 0 error(s), 0 left on base; Virginia Beach 0 - Battle Ground 0 |
BOTTOM OF THE 3RD |
Battle Ground Aeros batting - Pitching for Virginia Beach Deuces : RHP Carlos Garza
|
Batting: RHB Jack Willis
|
0-0: Swinging Strike 0-1: Ball 1-1: Called Strike 1-2: Ball 2-2: Ball 3-2: Fly out, F8 (Flyball, 8LM)
|
Batting: RHB Roy McFerran
|
0-0: Ball 1-0: Swinging Strike 1-1: Ball 2-1: Fly out, F8 (Line Drive, 8LS)
|
Batting: RHB Ernesto López
|
0-0: Ball 1-0: Fly out, F9 (Flyball, 89M)
|
Bottom of the 3rd over - 0 run(s), 0 hit(s), 0 error(s), 0 left on base; Virginia Beach 0 - Battle Ground 0 |
TOP OF THE 4TH |
Virginia Beach Deuces batting - Pitching for Battle Ground Aeros : LHP Mike Foltynewicz
|
Batting: RHB Armando García
|
0-0: Ball 1-0: Called Strike 1-1: Swinging Strike 1-2: Foul Ball, location: 2F 1-2: Fly out, F7 (Flyball, 78M)
|
Batting: RHB Lorenzo Ramírez
|
0-0: SINGLE (Line Drive, 9S)
|
Batting: RHB Luis Jelarde
|
0-0: Ball 1-0: Called Strike 1-1: Ball 2-1: Ball 3-1: Base on Balls Lorenzo Ramírez to second
|
Batting: SHB Carlos Pérez
|
0-0: Ground out 6-3 (Groundball, 6S) Lorenzo Ramírez to third Luis Jelarde to second
|
Batting: RHB José Ramírez
|
0-0: Ball Wild Pitch! Lorenzo Ramírez scores Luis Jelarde to third 1-0: Ball 2-0: Foul Ball, location: 2F 2-1: Fly out, F9 (Line Drive, 89S)
|
Top of the 4th over - 1 run(s), 1 hit(s), 0 error(s), 1 left on base; Virginia Beach 1 - Battle Ground 0 |
BOTTOM OF THE 4TH |
Battle Ground Aeros batting - Pitching for Virginia Beach Deuces : RHP Carlos Garza
|
Batting: RHB Juan Camacho
|
0-0: Called Strike 0-1: Called Strike 0-2: Ball 1-2: Strikes out swinging
|
Batting: SHB Juan Torres
|
0-0: Ball 1-0: Ground out 1-3 (Groundball, 13S)
|
Batting: RHB Byron Isaacson
|
0-0: Foul Ball, location: 2F 0-1: SINGLE (Line Drive, 9LS)
|
Batting: LHB Javier Antonio
|
0-0: Called Strike 0-1: Ball 1-1: Foul Ball, location: 2F 1-2: Ball 2-2: Fly out, F4 (Popup, 4)
|
Bottom of the 4th over - 0 run(s), 1 hit(s), 0 error(s), 1 left on base; Virginia Beach 1 - Battle Ground 0 |
TOP OF THE 5TH |
Virginia Beach Deuces batting - Pitching for Battle Ground Aeros : LHP Mike Foltynewicz
|
Batting: RHB Robert Emmet Odlum
|
0-0: Called Strike 0-1: Ground out 5-3 (Groundball, 56S)
|
Batting: LHB Curt Wilson
|
0-0: Ball 1-0: Ball 2-0: Ball 3-0: Base on Balls
|
Batting: SHB Luis Manuel Flores
|
0-0: Called Strike 0-1: Ball 1-1: Ball 2-1: Foul Ball, location: 2F 2-2: Ball 3-2: SINGLE (Flyball, 7S) Curt Wilson to second
|
Batting: RHB Rafael Hernández
|
0-0: SINGLE (Line Drive, 4MD) Curt Wilson to third Luis Manuel Flores to second Runner from 3rd tries for Home, SAFE, throw made home
|
Batting: RHB Armando García
|
0-0: Fly out, F8 (Flyball, 8LM)
|
Batting: RHB Lorenzo Ramírez
|
0-0: DOUBLE (Flyball, 9D) Luis Manuel Flores scores Rafael Hernández to third Runner from 3rd tries for Home, SAFE, no throw or cutoff
|
Batting: RHB Luis Jelarde
|
0-0: Called Strike 0-1: Ball 1-1: Ball 2-1: Ground out 5-3 (Groundball, 56S)
|
Top of the 5th over - 3 run(s), 3 hit(s), 0 error(s), 1 left on base; Virginia Beach 4 - Battle Ground 0 |
BOTTOM OF THE 5TH |
Battle Ground Aeros batting - Pitching for Virginia Beach Deuces : RHP Carlos Garza
|
Batting: RHB Abdul-Fattah bin Najjar
|
0-0: Ground out 5-3 (Groundball, 56)
|
Batting: RHB Andrés Sánchez
|
0-0: Ground out 4-3 (Groundball, 4)
|
Batting: RHB Jack Willis
|
0-0: Ball 1-0: Swinging Strike 1-1: SINGLE (Popup, 4D)
|
Batting: RHB Roy McFerran
|
0-0: Foul Ball, location: 2F 0-1: Swinging Strike 0-2: Ball 1-2: Ball 2-2: Ball 3-2: Strikes out looking
|
Bottom of the 5th over - 0 run(s), 1 hit(s), 0 error(s), 1 left on base; Virginia Beach 4 - Battle Ground 0 |
TOP OF THE 6TH |
Virginia Beach Deuces batting - Pitching for Battle Ground Aeros : LHP Mike Foltynewicz
|
Batting: SHB Carlos Pérez
|
0-0: Hit by Pitch
|
Batting: RHB José Ramírez
|
0-0: Bunt missed! 0-1: Sac Bunt - play at first, batter OUT! 1-4 Carlos Pérez to second
|
Batting: RHB Robert Emmet Odlum
|
0-0: Intentional Walk
|
Batting: LHB Curt Wilson
|
0-0: Ball 1-0: Fly out, F9 (Flyball, 89S)
|
Batting: SHB Luis Manuel Flores
|
0-0: Ground out 1-3 (Groundball, 13)
|
Top of the 6th over - 0 run(s), 0 hit(s), 0 error(s), 2 left on base; Virginia Beach 4 - Battle Ground 0 |
BOTTOM OF THE 6TH |
Battle Ground Aeros batting - Pitching for Virginia Beach Deuces : RHP Carlos Garza
|
Batting: RHB Ernesto López
|
0-0: Ball 1-0: DOUBLE (Line Drive, 8LM)
|
Batting: RHB Juan Camacho
|
0-0: Ball 1-0: Ball 2-0: Ball 3-0: Called Strike 3-1: SINGLE (Groundball, 5L) Ernesto López to third Runner from 3rd tries for Home, SAFE, no throw or cutoff
|
Batting: SHB Juan Torres
|
0-0: Called Strike 0-1: Ball 1-1: Ball 2-1: Ball 3-1: Sac Bunt - play at first, batter OUT! 1-4 Juan Camacho to second
|
Batting: RHB Byron Isaacson
|
0-0: Fly out, F3 (Popup, 3DF)
|
Batting: LHB Javier Antonio
|
0-0: Called Strike 0-1: Foul Ball, location: 2F 0-2: Ball 1-2: Ball 2-2: Ball 3-2: Fly out, F7 (Flyball, 7D)
|
Bottom of the 6th over - 1 run(s), 2 hit(s), 0 error(s), 1 left on base; Virginia Beach 4 - Battle Ground 1 |
TOP OF THE 7TH |
Virginia Beach Deuces batting - Pitching for Battle Ground Aeros : LHP Mike Foltynewicz
|
Batting: RHB Rafael Hernández
|
0-0: Ball 1-0: Ball 2-0: Reached on error, E3 (Groundball, 3S)
|
Batting: RHB Armando García
|
0-0: Ball 1-0: Ball 2-0: Sac Bunt - play at first, batter OUT! 5-3 Rafael Hernández to second
|
Batting: RHB Lorenzo Ramírez
|
0-0: Swinging Strike 0-1: Foul Ball, location: 2F 0-2: Ground out 6-3 (Groundball, 6) Rafael Hernández to third
|
Batting: RHB Luis Jelarde
|
0-0: Ball 1-0: Ground out 5-3 (Groundball, 56)
|
Top of the 7th over - 0 run(s), 0 hit(s), 1 error(s), 1 left on base; Virginia Beach 4 - Battle Ground 1 |
BOTTOM OF THE 7TH |
Battle Ground Aeros batting - Pitching for Virginia Beach Deuces : RHP Carlos Garza
|
Batting: RHB Abdul-Fattah bin Najjar
|
0-0: Ball 1-0: Ball 2-0: Ball 3-0: Base on Balls
|
Batting: RHB Andrés Sánchez
|
0-0: Bunt missed! 0-1: Ball 1-1: Ball 2-1: Bunted foul 2-2: Grounds into double play, 3-6-3 (Groundball, 3)
|
Batting: RHB Jack Willis
|
0-0: Ball 1-0: Ball 2-0: Foul Ball, location: 2F 2-1: Foul Ball, location: 2F 2-2: Ground out 1-3 (Groundball, 23)
|
Bottom of the 7th over - 0 run(s), 0 hit(s), 0 error(s), 0 left on base; Virginia Beach 4 - Battle Ground 1 |
TOP OF THE 8TH |
Virginia Beach Deuces batting - Pitching for Battle Ground Aeros : LHP Mike Foltynewicz
|
Batting: SHB Carlos Pérez
|
0-0: Called Strike 0-1: Ball 1-1: Ball 2-1: Ball 3-1: Called Strike 3-2: Foul Ball, location: 2F 3-2: Foul Ball, location: 2F 3-2: Base on Balls
|
Batting: RHB José Ramírez
|
0-0: Called Strike 0-1: Sac Bunt - play at first, batter OUT! 5-3 Carlos Pérez to second
|
Batting: RHB Robert Emmet Odlum
|
0-0: Intentional Walk
|
Batting: LHB Curt Wilson
|
0-0: Swinging Strike 0-1: Foul Ball, location: 2F 0-2: Fielders Choice at 2nd, 4-6 (Groundball, 4) Carlos Pérez to third
|
Batting: SHB Luis Manuel Flores
|
0-0: Ball 1-0: Called Strike 1-1: Foul Ball, location: 2F 1-2: Foul Ball, location: 2F 1-2: Ball 2-2: Foul Ball, location: 2F 2-2: Foul Ball, location: 2F 2-2: Strikes out swinging
|
Top of the 8th over - 0 run(s), 0 hit(s), 0 error(s), 2 left on base; Virginia Beach 4 - Battle Ground 1 |
BOTTOM OF THE 8TH |
Battle Ground Aeros batting - Pitching for Virginia Beach Deuces : RHP Carlos Garza
|
Batting: RHB Roy McFerran
|
0-0: Ball 1-0: Ball 2-0: Ball 3-0: Base on Balls
|
Batting: RHB Ernesto López
|
0-0: Called Strike 0-1: Grounds into double play, 6-4-3 (Groundball, 6)
|
Batting: RHB Juan Camacho
|
0-0: Foul Ball, location: 2F 0-1: Swinging Strike 0-2: Strikes out swinging
|
Bottom of the 8th over - 0 run(s), 0 hit(s), 0 error(s), 0 left on base; Virginia Beach 4 - Battle Ground 1 |
TOP OF THE 9TH |
Virginia Beach Deuces batting - Pitching for Battle Ground Aeros : LHP Mike Foltynewicz
|
Pitching: RHP César Manoel
|
|
Batting: RHB Rafael Hernández
|
0-0: Ball 1-0: Ball 2-0: Ground out 5-3 (Groundball, 5L)
|
Batting: RHB Armando García
|
0-0: Called Strike 0-1: Ball 1-1: Foul Ball, location: 2F 1-2: Ball 2-2: Fly out, F5 (Popup, 25)
|
Batting: RHB Lorenzo Ramírez
|
0-0: Fly out, F9 (Flyball, 9LD)
|
Top of the 9th over - 0 run(s), 0 hit(s), 0 error(s), 0 left on base; Virginia Beach 4 - Battle Ground 1 |
BOTTOM OF THE 9TH |
Battle Ground Aeros batting - Pitching for Virginia Beach Deuces : RHP Carlos Garza
|
Pitching: RHP Olegário Pa
|
|
Batting: SHB Juan Torres
|
0-0: Called Strike 0-1: Ball 1-1: Fly out, F8 (Flyball, 8LM)
|
Batting: RHB Byron Isaacson
|
0-0: Called Strike 0-1: Foul Ball, location: 2F 0-2: Strikes out looking
|
Batting: LHB Javier Antonio
|
0-0: Ball 1-0: Ball 2-0: Ball 3-0: Called Strike 3-1: Called Strike 3-2: Base on Balls
|
Batting: RHB Abdul-Fattah bin Najjar
|
0-0: Ball 1-0: Fly out, F2 (Popup, 23F)
|
Bottom of the 9th over - 0 run(s), 0 hit(s), 0 error(s), 1 left on base; Virginia Beach 4 - Battle Ground 1 |
|